 Dungeon Crawl Stone Soup version 0.29-a0-541-gaf1fc19f1b (webtiles) character file.

Game seed: 3525158046304963024

48 oldriver the Skirmisher (level 3, -3/33 HPs)
             Began as a Palentonga Wanderer on June 3, 2022.
             Slain by a gnoll
             ... wielding a +0 spear
              (7 damage)
             ... on level 4 of the Dungeon.
             The game lasted 00:02:28 (3000 turns).

oldriver the Skirmisher (Palentonga Wanderer)       Turns: 3000, Time: 00:02:28

Health: -3/33      AC:  5    Str: 19    XL:     3   Next: 50%
Magic:  4/4        EV:  9    Int: 12    God:
Gold:   165        SH:  0    Dex:  7    Spells: 3/4 levels left

rFire   . . .      SeeInvis +   i - +0 war axe
rCold   . . .      Faith    .   (no shield)
rNeg    . . .      Spirit   .   d - +0 leather armour
rPois   .          Reflect  .   (no helmet)
rElec   .          Harm     .   (no cloak)
rCorr   .          Rampage  .   l - +0 pair of gloves
Will    .....                   (no barding)
Stlth   +.........              f - amulet of the acrobat
HPRegen 0.11/turn               (no ring)
MPRegen 0.09/turn               (no ring)

@: no status effects
A: large, rugged brown scales 3, see invisible, deformed body, roll 1, armoured
tail
a: Rolling Charge


You were on level 4 of the Dungeon.
You visited 1 branch of the dungeon, and saw 4 of its levels.

You collected 165 gold pieces.

Inventory:

Hand Weapons
 i - a +0 war axe (weapon)
Armour
 d - a +0 leather armour (worn)
 l - a +0 pair of gloves (worn)
Jewellery
 a - a ring of resist corrosion
 f - an amulet of the acrobat (around neck)
 m - the ring "Salejuxomo" {Contam Fly rC+ Will++ Str+8}
   (You found it on level 4 of the Dungeon)

   [ring of protection from cold]

   Str:       It affects your strength (+8).
   rC:        It protects you from cold.
   Fly:       It grants you flight.
   Contam:    It causes magical contamination when unequipped.
   Will:      It greatly increases your willpower.
Potions
 b - 2 potions of attraction
 c - 2 potions of curing
 g - a potion of lignification
 k - 3 potions of brilliance
 o - a potion of flight
Miscellaneous
 e - a phial of floods


   Skills:
 + Level 4.6 Fighting
 - Level 1.0 Spellcasting
 - Level 2.0 Translocations
 - Level 1.0 Invocations
 - Level 2.6 Evocations


You had 3 spell levels left.
You knew the following spells:

 Your Spells              Type           Power      Damage    Failure   Level
a - Apportation           Tloc           10%        N/A       16%         1

Your spell library contained the following spells:

 Spells                   Type           Power      Damage    Failure   Level
 Teleport Other           Tloc           5%         N/A       43%         3
 Ignite Poison            Fire/Tmut/Pois 0%         N/A       71%         3
 Mephitic Cloud           Conj/Pois/Air  0%         N/A       71%         3
 Ozocubu's Armour         Ice            0%         N/A       71%         3
 Freezing Cloud           Conj/Ice/Air   0%         6-21      100%        5
 Metabolic Englaciation   Hex/Ice        0%         N/A       100%        5
 Simulacrum               Ice/Necr       0%         N/A       100%        6


Dungeon Overview and Level Annotations

Branches:
Dungeon (4/15)
 Temple: D:4-7

Altars:

Shops:
D:3 =:*


Innate Abilities, Weirdness & Mutations

You are completely covered in rugged brown scales. (AC +3, +7% HP)
You have supernaturally acute eyesight. (SInv)
Armour fits poorly on your strangely shaped body.
You can roll at nearby foes to attack.
You have a long armoured tail.


Message History

A kobold comes into view. It is wielding a +0 dagger.
A gnoll comes into view.
It is wielding a +1 flail of protection.
The gnoll shouts!
The kobold barely misses you.
You completely miss the kobold.
Your tail-slap misses the kobold.
The kobold closely misses you. The kobold hits you but does no damage.
You closely miss the kobold. You closely miss the gnoll.
The kobold closely misses you. The gnoll barely misses you.
The kobold hits you but does no damage. The gnoll closely misses you.
The gnoll hits you but does no damage.
You slash the kobold!
You kill the kobold!
You slash the gnoll! The gnoll hits you with a +0 flail.
The gnoll barely misses you.
You barely miss the gnoll. You tail-slap the gnoll.
The gnoll is almost dead.
The gnoll hits you with a +0 flail.
The gnoll hits you from afar with a +0 spear.
The gnoll hits you but does no damage. The gnoll closely misses you.
You closely miss the gnoll.
The gnoll is almost dead.
The gnoll hits you with a +0 flail!
* * * LOW HITPOINT WARNING * * *
The gnoll closely misses you.
Okay, then.
The gnoll attacks as you move away! The gnoll closely misses you.
Things that are here:
a +1 dagger of speed; 2 stones The gnoll attacks as you move away!
The gnoll misses you.
As you read the scroll of fog, it crumbles to dust.
The scroll dissolves into smoke.
The gnoll hits you but does no damage.
The gnoll hits you from afar with a +0 spear.
* * * LOW HITPOINT WARNING * * *
Unknown command.
You slash the gnoll!
You kill the gnoll!
The gnoll hits you from afar with a +0 spear.
* * * LOW HITPOINT WARNING * * *
The gnoll hits you from afar with a +0 spear!
You die...

#########+#
#.........#.
#...?.......
#....§§§....
#..§§§§§....
#.§§§@§§...
#§g#### #§## ##
#§# .# .. #.#
#.# #.. #g# #.#
#.# #.#
#.###.## #g#
#.....#. )..
...#####...g.#.


You could see a gnoll.

Vanquished Creatures
  A gnoll (D:4)
  2 worms (D:2)
  3 dart slugs
  5 bats
  3 endoplasms
  A giant cockroach (D:2)
  3 goblins
  4 hobgoblins
  4 kobolds
  3 ball pythons
  3 frilled lizards
  3 rats
35 creatures vanquished.

Notes
Turn   | Place    | Note
-------+----------+-------------------------------------------
     0 | D:1      | oldriver the Palentonga Wanderer began the quest for the
                  | Orb.
     0 | D:1      | oldriver set off with the following items: a +0 club, a
                  | potion of attraction, a potion of curing, a +0 leather
                  | armour, a phial of floods; and the following spell
                  | memorised: Apportation; and the following spells available
                  | to memorise: Teleport Other
     0 | D:1      | Reached XP level 1. HP: 19/19 MP: 2/2
   650 | D:1      | Found a faded altar of an unknown god.
   708 | D:1      | Reached XP level 2. HP: 25/25 MP: 1/3
  1339 | D:2      | Reached skill level 4 in Fighting
  1553 | D:2      | Reached XP level 3. HP: 29/32 MP: 4/4
  2593 | D:3      | Found Otsom's Book Shoppe.
  2636 | D:3      | Found Yschoone's Assorted Antiques.
  2758 | D:3      | Found Qychucsu's Jewellery Shop.
  2957 | D:4      | Identified the ring "Salejuxomo" {Contam Fly rC+ Will++
                  | Str+8}
  2979 | D:4      | Noticed a phantom
  3000 | D:4      | Slain by a gnoll

Illustrated notes

Levels and vault maps discovered:
D:1:      scummos_arrival_hexagon, layout_loops_corners,
          dreamdust_ecumenical_altar_statues
D:2:      layout_loops_corners, minmay_pentomino_q4
D:3:      layout_basic, serial_shops, shop, nicolae_shop_stone, shop
D:4:      layout_rooms, zin_purify, kennysheep_little_box, kennysheep_mini,
          serial_shops, shop

Skill      XL: |  1  2 |
---------------+-------+-----
Fighting       | 4 |  4.6
Spellcasting   | |  1.0
Translocations | |  2.0
Invocations    | |  1.0
Evocations     | |  2.6

Action                   || total
-------------------------++-------
Melee: Club              ||   117
       Tailslap          ||    11
       Punch             ||     2
       War axe           ||    17
 Cast: Apportation       ||    11
  Use: Scroll            ||    10
       Potion            ||     1
Armor: Leather armour    ||    73
Dodge: Dodged            ||    95

Table legend: (Time is in decaauts)
 A = Elapsed time spent in this place.
 B = Non-inter-level travel time spent in this place.
 C = Inter-level travel time spent in this place.
 D = Time resting spent in this place.
 E = Time spent auto-exploring this place.
 F = Levels seen in this place.
 G = Mean time per level.
                   A        B        C        D        E       F      G
               +--------+--------+--------+--------+--------+-----+--------+
         Total |   3042 |   2949 |     93 |    186 |   2364 |   4 |  760.5 |
       Dungeon |   3042 |   2949 |     93 |    186 |   2364 |   4 |  760.5 |
               +--------+--------+--------+--------+--------+-----+--------+

Top non-repeatable levels by time:
     D:2: 1122 daAuts
     D:1: 1067 daAuts
     D:3: 795 daAuts
     D:4: 57 daAuts
